 Dungeon Crawl Stone Soup version 0.31.0-1-g2c135a0 (webtiles) character file.

Game seed: 65242282330954148

3372 deepwoken the Cleaver (level 9, -5/79 HPs)
             Began as a Minotaur Berserker on Mar 28, 2024.
             Was an Elder of Trog.
             Slain by a centaur (6 damage)
             ... on level 9 of the Dungeon.
             The game lasted 00:32:42 (6853 turns).

deepwoken the Cleaver (Minotaur Berserker)          Turns: 6853, Time: 00:32:43

Health: -5/79      AC:  9    Str: 25    XL:     9   Next: 73%
Magic:  8/8        EV: 13    Int:  4    God:    Trog [****..]
Gold:   499        SH:  4    Dex: 11    Spells: 8/8 levels left

rFire   + . .        B - +0 war axe
rCold   . . .        v - +0 buckler
rNeg    + . .        J - +0 steam dragon scales
rPois   +            (helmet restricted)
rElec   .            (no cloak)
rCorr   .            L - +0 pair of gloves
SInv    +            x - +0 pair of boots
Will    .....        (no amulet)
Stlth   ++           i - ring of protection from fire
HPRegen 0.33/turn    k - ring "Yhywitz" {*Slow rPois rN+ SInv}
MPRegen 0.11/turn

%: slow self (1%)
@: on berserk cooldown, slowed, very slow
A: horns 2, retaliatory headbutt
a: Renounce Religion, Berserk, Trog's Hand, Brothers in Arms


You were on level 9 of the Dungeon.
You worshipped Trog.
Trog was greatly pleased with you.
You visited 1 branch of the dungeon, and saw 9 of its levels.

You collected 499 gold pieces.

Inventory:

Hand Weapons
 a - a +0 hand axe
 r - a +0 scythe
 B - a +0 war axe (weapon)
 K - a +2 hammer of protection
Missiles
 E - a throwing net (quivered)
Armour
 b - a +0 animal skin
 d - a +0 leather armour
 g - a +0 ring mail
 v - a +0 buckler (worn)
 x - a +0 pair of boots (worn)
 J - +0 steam dragon scales (worn)
 L - a +0 pair of gloves (worn)
 R - a +0 plate armour
Jewellery
 e - a ring of fire
 i - a ring of protection from fire (left hand)
 k - the ring "Yhywitz" (right hand) {*Slow rPois rN+ SInv}
   (You found it on level 2 of the Dungeon)

   [ring of see invisible]

   rPois:     It protects you from poison rN+: It protects you from negative
   energy.
   SInv:      It lets you see invisible.
   *Slow:     It may slow you when you take damage.
 m - a ring of flight
 w - a ring of ice
 C - a ring of resist corrosion
 F - a ring of protection from fire
 G - a ring of fire
 S - a ring of poison resistance
Talismans
 D - a blade talisman
 N - a beast talisman
Scrolls
 j - 2 scrolls of noise {unknown}
 o - a scroll of blinking {unknown}
 p - 2 scrolls of vulnerability {unknown}
 q - 3 scrolls of teleportation {unknown}
 s - 2 scrolls of immolation {unknown}
 t - 4 scrolls of enchant armour {unknown}
 u - 8 scrolls of identify {unknown}
 y - a scroll of revelation {unknown}
 I - a scroll of poison {unknown}
 M - a scroll of enchant weapon {unknown}
 P - a scroll of silence {unknown}
 Q - a scroll of fear {unknown}
Potions
 c - 2 potions of heal wounds {unknown}
 f - a potion of degeneration {unknown}
 h - 3 potions of ambrosia {unknown}
 l - a potion of magic {unknown}
 n - 3 potions of curing {unknown}
 z - a potion of berserk rage
 A - a potion of haste {unknown}
 H - a potion of invisibility {unknown}
 O - a potion of resistance {unknown}
 T - a potion of attraction {unknown}


   Skills:
 + Level 7.6 Fighting
 + Level 11.3 Axes
 + Level 6.4 Armour
 + Level 6.5 Dodging
 + Level 3.0 Stealth
 + Level 3.5 Shields


You had 8 spell levels left.
You didn't know any spells.
Your spell library contained the following spells:

 Spells                   Type           Power      Damage    Failure   Level
 Magic Dart               Conj           0%         1d3       56%         1
 Blink                    Tloc           0%         N/A       71%         2
 Call Imp                 Summ           0%         N/A       71%         2
 Fugue of the Fallen      Necr           0%         N/A       90%         3
 Inner Flame              Hex/Fire       0%         N/A       90%         3
 Ozocubu's Armour         Ice            0%         N/A       90%         3
 Stone Arrow              Conj/Erth      0%         3d7       90%         3
 Summon Ice Beast         Ice/Summ       0%         N/A       90%         3
 Manifold Assault         Tloc           0%         N/A       100%        4
 Irradiate                Conj/Alch      0%         3d11      100%        5
 Summon Mana Viper        Hex/Summ       0%         N/A       100%        5
 Ignition                 Fire           0%         3d3       100%        8
 Dragon's Call            Summ           0%         N/A       100%        9


Dungeon Overview and Level Annotations

Branches:
Dungeon (9/15)             Temple (0/1) D:6
   Lair: D:8-11         Orc: D:9-12

Altars:
Ashenzari
Kikubaaqudgha

Shops:
D:2 *   D:6 *   D:9 (


Innate Abilities, Weirdness & Mutations

You have a pair of horns on your head.
You reflexively headbutt those who attack you in melee.


Message History

Your Stealth skill increases to level 3!
The centaur unwields a +0 orcbow.
The centaur hits you but does no damage.
The centaur kicks you.
* * * LOW HITPOINT WARNING * * *
There is an open door, spattered with blood here.
Things that are here:
a +0 dagger; an orc corpse You feel a strong urge to attack something.
The centaur wields a +0 orcbow.
The centaur shoots an arrow.
The arrow hits you.
* * * LOW HITPOINT WARNING * * *
You are no longer berserk.
You are exhausted.
You feel yourself slow down.
Okay, then.
You slash the orc!
You kill the orc!
Trog accepts your kill.
You slash the orc wizard!
The orc wizard is severely wounded.
You hit the orc wizard but do no damage.
The orc wizard is severely wounded.
The orc wizard hits you with a +0 dagger.
* * * LOW HITPOINT WARNING * * *
The centaur unwields a +0 orcbow.
The centaur hits you but does no damage.
You block the centaur's attack. The orc wizard casts a spell at you.
The puff of flame hits you. You resist.
* * * LOW HITPOINT WARNING * * *
It was a potion of berserk rage.
You're still recovering from your berserk rage.
The centaur hits you.
* * * LOW HITPOINT WARNING * * *
The centaur kicks you but does no damage.
The orc wizard hits you with a +0 dagger.
* * * LOW HITPOINT WARNING * * *
The centaur hits you.
You die...

$........... ........#
#.....# +.>...# #.....#
#....o###
#######......####
#.....#......co.#
#.....#......#@.#
#.....'......#..#
#.....#......#..#
####'####......####
............#+###........
............# #........
............# #........
............# +........
............# #........


You could see a centaur, an orc priest and an orc wizard.

Vanquished Creatures
  A troll (D:9)
  Grinder (D:5)
  Sigmund (D:2)
  A wyvern (D:8)
  Grum (D:8)
  A steam dragon (D:6)
  An orc warrior (D:8)
  2 ice beasts
  A black bear (D:6)
  2 wolves (D:8)
  2 centaurs (D:7)
  A phantom (D:5)
  2 gnoll sergeants
  2 bullfrogs
  6 wights
  3 killer bees (D:8)
  A jelly (D:5)
  2 howler monkeys
  3 hounds
  The ghost of nerdeater69 the Conjurer, a weakling DECj (D:3)
  3 orc priests
  A bombardier beetle (D:5)
  3 iguanas
  5 orc wizards
  A sleepcap (D:6)
  16 gnolls
  8 adders
  4 ufetubi (D:6)
  4 ribbon worms
  14 orcs
  7 ball pythons
  3 bats
  6 endoplasms
  5 giant cockroaches
  7 goblins
  4 hobgoblins
  4 jackals (D:3)
  3 quokkas
  9 kobolds
  9 rats
151 creatures vanquished.

Notes
Turn   | Place    | Note
-------+----------+-------------------------------------------
     0 | D:1      | deepwoken the Minotaur Berserker began the quest for the
                  | Orb.
     0 | D:1      | Reached XP level 1. HP: 19/19 MP: 0/0
   171 | D:1      | Reached XP level 2. HP: 23/27 MP: 1/1
   179 | D:1      | Reached skill level 4 in Axes
   600 | D:2      | Identified the ring "Yhywitz" {*Slow rPois rN+ SInv}
   637 | D:2      | Found Ryeceaw's General Store.
   645 | D:2      | Reached XP level 3. HP: 27/33 MP: 2/2
   692 | D:2      | Reached ** piety under Trog
   859 | D:2      | Noticed Sigmund
   868 | D:2      | Killed Sigmund
   869 | D:2      | Reached skill level 5 in Axes
   869 | D:2      | Reached skill level 1 in Stealth
   869 | D:2      | Reached XP level 4. HP: 41/41 MP: 3/3
   869 | D:2      | Reached XP level 5. HP: 47/47 MP: 4/4
   906 | D:2      | Reached skill level 5 in Fighting
  1054 | D:3      | Reached skill level 6 in Axes
  1216 | D:3      | Found a runed translucent door.
  1216 | D:3      | Noticed nerdeater69's ghost (weakling DECj)
  1223 | D:3      | Reached XP level 6. HP: 53/56 MP: 5/5
  1231 | D:3      | Killed nerdeater69's ghost
  1243 | D:3      | Found a runed translucent door.
  2052 | D:4      | Reached *** piety under Trog
  2405 | D:5      | Entered Level 5 of the Dungeon
  2419 | D:5      | Got the Folio of Metallic Support
  2497 | D:5      | Noticed Grinder
  2501 | D:5      | Paralysed by Grinder for 3 turns
  2507 | D:5      | Killed Grinder
  2508 | D:5      | Reached skill level 7 in Axes
  2508 | D:5      | Reached XP level 7. HP: 59/61 MP: 6/6
  2536 | D:5      | Reached skill level 1 in Shields
  2561 | D:5      | Found a broken altar of Ashenzari.
  3392 | D:6      | Found a staircase to the Ecumenical Temple.
  3468 | D:6      | Found Kene's Lightly-Used Armoury.
  3591 | D:6      | Reached skill level 5 in Armour
  3591 | D:6      | Reached XP level 8. HP: 70/70 MP: 7/7
  3773 | D:6      | Reached skill level 5 in Dodging
  4035 | D:6      | Reached skill level 8 in Axes
  4043 | D:6      | Found an ancient bone altar of Kikubaaqudgha.
  4467 | D:6      | Reached skill level 9 in Axes
  5169 | D:7      | Reached XP level 9. HP: 75/78 MP: 8/8
  5516 | D:8      | Reached skill level 10 in Axes
  5947 | D:8      | Reached **** piety under Trog
  5993 | D:8      | Noticed Grum
  5999 | D:8      | Killed Grum
  6473 | D:8      | Reached skill level 11 in Axes
  6772 | D:9      | Found Naiff's Antique Weapon Shoppe.
  6819 | D:9      | Noticed a troll
  6845 | D:9      | Killed a troll
  6853 | D:9      | HP: 1/79 [orc wizard/+0 dagger (3)]
  6853 | D:9      | Slain by a centaur

Illustrated notes

Levels and vault maps discovered:
D:1:      grunt_arrival_lava_bath, layout_basic, minmay_fountain_box,
          minmay_misc_feat_enclosed
D:2:      layout_rooms, serial_shops, nicolae_shop_advertising_works
          [nicolae_subvault_shop_adworks], minmay_tromino_v4_c, uniq_sigmund
D:3:      layout_loops_ring, ebering_ghost_sewer_f
D:4:      layout_loops_ring, minivault_24
D:5:      layout_gridville, kennysheep_mini, uniq_grinder
D:6:      layout_loops_corners, kennysheep_mini_moat, minmay_temple_entry_wispy,
          minivault_26, minmay_crystal_room, minmay_shop_damaged, billiards_dpeg
D:7:      layout_loops_ring, uniq_crazy_yiuf_cottage
D:8:      layout_basic, uniq_grum
D:9:      layout_gridville, erik_orc_4, serial_shops, shop

Skill      XL: |  1  2  3  4  5  6  7  8  9 |
---------------+----------------------------+-----
Axes           | 4 5 6 7 9 11 | 11.3
Armour         | 3 4 5 6 |  6.4
Fighting       | 4 5 6 7 |  7.6
Dodging        | 3 4 5 6 |  6.5
Stealth        | 1 3 |  3.0
Shields        | 1 2 3 |  3.5

Action                     |  1- 3 |  4- 6 |  7- 9 || total
---------------------------+-------+-------+-------++-------
  Melee: Hand axe          |    58 |    92 |       ||   150
         Punch             |     1 |     1 |       ||     2
         Headbutt          |     6 |    20 |    39 ||    65
         War axe           |       |     1 |   203 ||   204
 Invoke: Berserk           |     1 |     3 |     6 ||    10
    Use: Potion            |       |       |     1 ||     1
   Stab: Sleeping          |       |       |     4 ||     4
 Armour: Animal skin       |     8 |       |       ||     8
         Leather armour    |    21 |    22 |       ||    43
         Ring mail         |       |    21 |    74 ||    95
         Steam dragon scal |       |       |    81 ||    81
  Dodge: Dodged            |    52 |    64 |   145 ||   261
  Block: Buckler           |       |    10 |    47 ||    57
